 Dungeon Crawl Stone Soup version 0.30-a0-377-g5cb311bc9f (webtiles) character file.

Game seed: 15763747664732670295

111 mopl the Caller (level 4, -3/27 HPs)
             Began as an Octopode Summoner on Nov 28, 2022.
             Slain by a phantom (7 damage)
             ... on level 3 of the Dungeon.
             The game lasted 00:02:20 (1197 turns).

mopl the Caller (Octopode Summoner)                 Turns: 1197, Time: 00:02:20

Health: -3/27      AC:  1    Str:  7    XL:     4   Next: 92%
Magic:  5/9        EV: 13    Int: 19    God:
Gold:   112        SH:  0    Dex: 12    Spells: 0/9 levels left

rFire   . . .      SeeInvis +    j - +2 dagger (speed)
rCold   . . .      Faith    .    (no shield)
rNeg    . . .      Spirit   .    (helmet restricted)
rPois   .          Reflect  .    (no amulet)
rElec   .          Harm     .    c - ring of see invisible
rCorr   .          Rampage  .    (no ring)
Will    .....                    (no ring)
Stlth   +++.......               (no ring)
HPRegen 0.24/turn                (no ring)
MPRegen 0.11/turn                (no ring)
                                 (no ring)
                                 (no ring)

@: no status effects
A: almost no armour, amphibious, 8 rings, camouflage 1, gelatinous body 1,
(nimble swimmer 1), tentacles
a: no special abilities


You were on level 3 of the Dungeon.
You visited 1 branch of the dungeon, and saw 3 of its levels.

You collected 112 gold pieces.

Inventory:

Hand Weapons
 d - a +0 war axe
 j - a +2 dagger of speed (weapon)
Missiles
 b - 3 poisoned darts
 h - 3 silver boomerangs
 n - 4 boomerangs
Jewellery
 c - a ring of see invisible (left tentacle)
 f - a ring of ice
Wands
 p - a wand of paralysis (8)
Scrolls
 i - a scroll of fog {unknown}
 k - 2 scrolls of teleportation {unknown}
 l - a scroll of immolation {unknown}
 m - a scroll of summoning {unknown}
 o - a scroll of magic mapping {unknown}
 q - a scroll of vulnerability {unknown}
 r - a scroll of enchant weapon {unknown}
Potions
 a - 2 potions of magic
 e - a potion of ambrosia
 g - a potion of curing


   Skills:
 - Level 2.0 Dodging
 - Level 2.6 Stealth
 + Level 3.4 Spellcasting
 + Level 1.0 Hexes
 + Level 5.0 Summonings


You couldn't memorise any spells.
You knew the following spells:

 Your Spells              Type           Power      Damage    Failure   Level
a - Summon Small Mammal   Summ           88%        N/A       1%          1
b - Call Imp              Summ           22%        N/A       2%          2
c - Call Canine Familiar  Summ           22%        N/A       5%          3
g - Summon Guardian Gole  Hex/Summ       14%        N/A       13%         3

Your spell library contained the following spells:

 Spells                   Type           Power      Damage    Failure   Level
 Summon Lightning Spire   Summ/Air       12%        N/A       45%         4


Dungeon Overview and Level Annotations

Branches:
Dungeon (3/15)

Altars:
Xom


Innate Abilities, Weirdness & Mutations

You cannot wear most types of armour.
You are amphibious.
You can wear up to eight rings at the same time.
Your skin changes colour to match your surroundings (Stealth+).
Your rubbery body absorbs attacks. (AC +1, EV +1)
((You are camouflaged when in or above water. (Stealth+)))
You have tentacles for arms and can constrict up to eight enemies at once.


Message History

The phantom is heavily damaged.
Your hound closely misses the phantom.
Your white imp hits the phantom but does no damage.
The phantom hits you but does no damage.
Unknown command.
You hit the phantom.
The phantom is heavily damaged.
Your hound closely misses the phantom.
Unknown command.
You hit the phantom. Your squeeze misses the phantom.
The phantom is heavily damaged.
Your hound barely misses the phantom.
Your white imp hits the phantom but does no damage.
The phantom completely misses your white imp.
Unknown command.
You hit the phantom but do no damage.
The phantom is heavily damaged.
Your hound completely misses the phantom.
Your white imp misses the phantom.
You hit the phantom. Your squeeze misses the phantom.
The phantom is severely damaged.
The phantom hits you!
The phantom blinks!
You blink.
The hobgoblin hits your white imp but does no damage.
Unknown command.
You hit the phantom but do no damage.
The phantom is severely damaged.
The phantom hits you.
You are too injured to fight recklessly!
Unknown command.
You are too injured to fight recklessly!
You hit the phantom.
The phantom is almost destroyed.
Unknown command.
You completely miss the phantom.
The phantom is almost destroyed.
The phantom hits you!
* * * LOW HITPOINT WARNING * * *
Unknown command.
The phantom attacks as you move away! The phantom hits you!
You die...

....#....#.# #...... #..
.........#.###...########.#
#.......##..........#.#
#.##....##...######h#.# #
#....##...##.......#
#g§.......##.......#
#.5..##>...).......#
#.......)###.).....#
#.h@..####.+.<...<.#
###W#.####.#...)...#
#[#.........#†.#.#
#.#....#......##.#
#.#....####......#
#.............####
###....######.# #....# #.#
#....######.#


You could see a phantom (ally target), a hobgoblin, a friendly hound (summoned)
and a friendly white imp (summoned).

Vanquished Creatures
  A hound (D:3)
  2 adders (D:2)
  2 worms (D:2)
  2 dart slugs
  An orc (D:3)
  5 endoplasms
  4 giant cockroaches
  4 goblins (D:2)
  2 hobgoblins (D:1)
  A quokka (D:2)
  A ball python (D:2)
  3 bats
  3 frilled lizards
  5 kobolds
  6 rats
42 creatures vanquished.

Vanquished Creatures (collateral kills)
  An adder (D:2)
  A goblin (D:3)
  A ball python (D:2)
3 creatures vanquished.

Grand Total: 45 creatures vanquished

Notes
Turn   | Place    | Note
-------+----------+-------------------------------------------
     0 | D:1      | mopl the Octopode Summoner began the quest for the Orb.
     0 | D:1      | Reached XP level 1. HP: 11/11 MP: 3/3
   124 | D:1      | Reached XP level 2. HP: 15/17 MP: 3/5
   132 | D:1      | Learned a level 2 spell: Call Imp
   419 | D:2      | Reached XP level 3. HP: 19/21 MP: 4/7
   431 | D:2      | Learned a level 3 spell: Call Canine Familiar
   432 | D:2      | Found a shimmering altar of Xom.
   508 | D:2      | Reached skill level 3 in Spellcasting
   670 | D:2      | Reached XP level 4. HP: 27/27 MP: 8/8
   689 | D:2      | Learned a level 3 spell: Summon Guardian Golem
   870 | D:2      | Identified the +3 leather armour "Piucwew" {+Blink rElec
                  | rF++}
  1040 | D:3      | Reached skill level 1 in Hexes
  1040 | D:3      | Reached skill level 5 in Summonings
  1173 | D:3      | Noticed a phantom
  1197 | D:3      | Slain by a phantom

Illustrated notes

Levels and vault maps discovered:
D:1:      spicycebolla_arrival_ecumenical, layout_rooms
D:2:      kennysheep_six_static_rooms, layout_basic, basic_altar
D:3:      layout_basic, jmf_multi_god_temple2, uniq_terence

Skill      XL: |  1  2  3  4 |
---------------+-------------+-----
Spellcasting   | 3 |  3.4
Hexes          | 1 |  1.0
Summonings     | 5 |  5.0
Dodging        | |  2.0
Stealth        | |  2.6

Action                   |  1- 3 |  4- 6 || total
-------------------------+-------+-------++-------
Melee: Unarmed           |    14 |       ||    14
       Tentacles         |    10 |     4 ||    14
       War axe           |    42 |       ||    42
       Constrict         |    15 |     5 ||    20
       Dagger            |     5 |    48 ||    53
       Punch             |     1 |       ||     1
 Cast: Summon Small Mamm |     3 |       ||     3
       Call Imp          |     1 |     1 ||     2
       Call Canine Famil |       |     3 ||     3
  Use: Scroll            |       |     2 ||     2
 Stab: Sleeping          |     9 |     2 ||    11
Armor: Skin              |     4 |     2 ||     6
Dodge: Dodged            |    39 |    20 ||    59

Table legend: (Time is in decaauts)
 A = Elapsed time spent in this place.
 B = Non-inter-level travel time spent in this place.
 C = Inter-level travel time spent in this place.
 D = Time resting spent in this place.
 E = Time spent auto-exploring this place.
 F = Levels seen in this place.
 G = Mean time per level.
                   A        B        C        D        E       F      G
               +--------+--------+--------+--------+--------+-----+--------+
         Total |   1199 |   1145 |     54 |     53 |    742 |   3 |  399.7 |
       Dungeon |   1199 |   1145 |     54 |     53 |    742 |   3 |  399.7 |
               +--------+--------+--------+--------+--------+-----+--------+

Top non-repeatable levels by time:
     D:2: 626 daAuts
     D:1: 414 daAuts
     D:3: 159 daAuts
